| TOP OF THE 1ST |
|
Colorado (EL) Rockies batting - Pitching for San Antonio Missions : LHP Jeff Troxel
|
|
Pitching: LHP Jeff Troxel
|
|
|
Batting: RHB Dwane Reed
|
0-0: SINGLE (Groundball, 6MD, EV 100.6 MPH)
|
|
Batting: SHB Jeff Sorrels
|
0-0: Foul Ball, location: 2F 0-1: Called Strike 0-2: Ball 1-2: Ball 2-2: Ball 3-2: Strikes out swinging
|
|
Batting: LHB Mick Tucker
|
0-0: Ball Dwane Reed is caught stealing 2nd base 2-6 1-0: Swinging Strike 1-1: Ball 2-1: Ball 3-1: Foul Ball, location: 2F 3-2: Strikes out looking
|
| Top of the 1st over - 0 runs, 1 hit, 0 errors, 0 left on base; Colorado (EL) 0 - San Antonio 0 |
| BOTTOM OF THE 1ST |
|
San Antonio Missions batting - Pitching for Colorado (EL) Rockies : LHP Jason Peck
|
|
Pitching: LHP Jason Peck
|
|
|
Batting: RHB Jaden Scott
|
0-0: Ground out 5-3 (Groundball, 56, EV 83.1 MPH)
|
|
Batting: RHB Kory Sanchez
|
0-0: Foul Ball, location: 2F 0-1: Ground out 4-3 (Groundball, 34, EV 91.9 MPH)
|
|
Batting: RHB Caleb Russell
|
0-0: Called Strike 0-1: Ball 1-1: Fly out, F7 (Flyball, 78M, EV 91.9 MPH)
|
| Bottom of the 1st over - 0 runs, 0 hits, 0 errors, 0 left on base; Colorado (EL) 0 - San Antonio 0 |
| TOP OF THE 2ND |
|
Colorado (EL) Rockies batting - Pitching for San Antonio Missions : LHP Jeff Troxel
|
|
Batting: RHB John Corfield
|
0-0: Called Strike 0-1: Ball 1-1: Ball 2-1: Ball 3-1: Called Strike 3-2: Fly out, F9 (Line Drive, 89M, EV 106.2 MPH)
|
|
Batting: SHB Bobby Santor
|
0-0: Foul Ball, location: 2F 0-1: Ball 1-1: Ground out 5-3 (Groundball, 56, EV 85.0 MPH)
|
|
Batting: RHB T.J. Williams
|
0-0: Called Strike 0-1: Ball 1-1: SINGLE (Line Drive, 4MD, EV 111.2 MPH)
|
|
Batting: LHB Paul McClintock
|
0-0: Ball 1-0: Foul Ball, location: 2F 1-1: Ball 2-1: Foul Ball, location: 2F 2-2: Ball 3-2: Base on Balls T.J. Williams to second
|
|
Batting: SHB Craig Ruzic
|
0-0: Ball 1-0: Ball 2-0: Ground out 6-3 (Groundball, 6MS, EV 61.9 MPH)
|
| Top of the 2nd over - 0 runs, 1 hit, 0 errors, 2 left on base; Colorado (EL) 0 - San Antonio 0 |
| BOTTOM OF THE 2ND |
|
San Antonio Missions batting - Pitching for Colorado (EL) Rockies : LHP Jason Peck
|
|
Batting: RHB Jesse White
|
0-0: Foul Ball, location: 2F 0-1: Called Strike 0-2: Ground out 4-3 (Groundball, 4, EV 80.6 MPH)
|
|
Batting: LHB Pat Aviles
|
0-0: Hit by Pitch
|
|
Batting: RHB Travis Carter
|
0-0: Foul Ball, location: 2F 0-1: Ground out 4-3 (Groundball, 4MS, EV 62.5 MPH) Pat Aviles to second
|
|
Batting: RHB Eric Erickson
|
0-0: Called Strike 0-1: Ball 1-1: Called Strike 1-2: Ball 2-2: Ball 3-2: Ground out 5-3 (Groundball, 5, EV 88.1 MPH)
|
| Bottom of the 2nd over - 0 runs, 0 hits, 0 errors, 1 left on base; Colorado (EL) 0 - San Antonio 0 |
| TOP OF THE 3RD |
|
Colorado (EL) Rockies batting - Pitching for San Antonio Missions : LHP Jeff Troxel
|
|
Batting: LHB Daniel Green
|
0-0: Foul Ball, location: 2F 0-1: Ball 1-1: Ball 2-1: Swinging Strike 2-2: Foul Ball, location: 2F 2-2: Ball 3-2: SOLO HOME RUN (Flyball, 9LD, EV 97.5 MPH), Distance : 358 ft
|
|
Batting: RHB Dwane Reed
|
0-0: Called Strike 0-1: SINGLE (Groundball, 56D, EV 99.4 MPH)
|
|
Batting: SHB Jeff Sorrels
|
0-0: Ball Dwane Reed steals 2nd base 1-0: Swinging Strike 1-1: Ball 2-1: SINGLE (Groundball, 56D, EV 104.4 MPH) Dwane Reed to third Runner from 3rd tries for Home, SAFE, throw by LF to home
|
|
Batting: LHB Mick Tucker
|
0-0: Ball 1-0: Ball Passed Ball! Jeff Sorrels to second 2-0: Ball 3-0: Called Strike 3-1: Foul Ball, location: 2F 3-2: Base on Balls
|
|
Batting: RHB John Corfield
|
0-0: Grounds into double play, 6-4-3 (Groundball, 6, EV 102.5 MPH) Jeff Sorrels to third
|
|
Batting: SHB Bobby Santor
|
0-0: Called Strike 0-1: Fly out, F8 (Line Drive, 89M, EV 90.6 MPH)
|
| Top of the 3rd over - 2 runs, 3 hits, 0 errors, 1 left on base; Colorado (EL) 2 - San Antonio 0 |
| BOTTOM OF THE 3RD |
|
San Antonio Missions batting - Pitching for Colorado (EL) Rockies : LHP Jason Peck
|
|
Batting: SHB Isaiah Scates
|
0-0: Ball 1-0: Swinging Strike 1-1: Called Strike 1-2: Ball 2-2: Strikes out swinging
|
|
Batting: SHB Jorge Brito
|
0-0: Ball 1-0: Ball 2-0: Swinging Strike 2-1: SOLO HOME RUN (Flyball, 8LXD, EV 108.8 MPH), Distance : 436 ft
|
|
Batting: RHB Jaden Scott
|
0-0: Ball 1-0: Ball 2-0: Foul Ball, location: 2F 2-1: Foul Ball, location: 2F 2-2: SINGLE (Groundball, 6MD, EV 102.5 MPH)
|
|
Batting: RHB Kory Sanchez
|
|
|
DELAY
|
Rain delay of 22 minutes in the 3rd inning. 0-0: Swinging Strike Jaden Scott steals 2nd, throwing error, E2 Jaden Scott to third 0-1: Foul Ball, location: 2F 0-2: Ball 1-2: Ball 2-2: Ball 3-2: Base on Balls
|
|
Batting: RHB Caleb Russell
|
0-0: Foul Ball, location: 2F 0-1: Ball 1-1: Swinging Strike 1-2: Foul Ball, location: 2F 1-2: Ball 2-2: Ball 3-2: Fly out, F8 (Line Drive, 8LD, EV 86.2 MPH)
|
|
Batting: RHB Jesse White
|
0-0: Called Strike 0-1: Called Strike 0-2: Foul Ball, location: 2F 0-2: Foul Ball, location: 2F 0-2: Fly out, F8 (Flyball, 8LM, EV 83.8 MPH)
|
| Bottom of the 3rd over - 1 run, 2 hits, 1 error, 2 left on base; Colorado (EL) 2 - San Antonio 1 |
| TOP OF THE 4TH |
|
Colorado (EL) Rockies batting - Pitching for San Antonio Missions : LHP Jeff Troxel
|
|
Batting: RHB T.J. Williams
|
0-0: Ball 1-0: Ball 2-0: Called Strike 2-1: Foul Ball, location: 2F 2-2: Ball 3-2: Ground out 4-3 (Groundball, 4, EV 105.6 MPH)
|
|
Batting: LHB Paul McClintock
|
0-0: Foul Ball, location: 2F 0-1: Ball 1-1: Ball 2-1: Called Strike 2-2: Fly out, F7 (Flyball, 78S, EV 91.9 MPH)
|
|
Batting: SHB Craig Ruzic
|
0-0: Ball 1-0: Foul Ball, location: 2F 1-1: Ground out 6-3 (Groundball, 6S, EV 73.1 MPH)
|
| Top of the 4th over - 0 runs, 0 hits, 0 errors, 0 left on base; Colorado (EL) 2 - San Antonio 1 |
| BOTTOM OF THE 4TH |
|
San Antonio Missions batting - Pitching for Colorado (EL) Rockies : LHP Jason Peck
|
|
Batting: LHB Pat Aviles
|
0-0: Called Strike 0-1: Ball 1-1: Foul Ball, location: 2F 1-2: Foul Ball, location: 2F 1-2: Ball 2-2: Strikes out looking
|
|
Batting: RHB Travis Carter
|
0-0: Called Strike 0-1: Ball 1-1: Foul Ball, location: 2F 1-2: DOUBLE (Line Drive, 7LM, EV 90.6 MPH)
|
|
Batting: RHB Eric Erickson
|
0-0: Called Strike 0-1: Called Strike 0-2: Ball 1-2: Fly out, F9 (Flyball, 9, EV 89.4 MPH)
|
|
Batting: SHB Isaiah Scates
|
0-0: Called Strike 0-1: Foul Ball, location: 2F 0-2: Foul Ball, location: 2F 0-2: Ball 1-2: Ball 2-2: Strikes out swinging
|
| Bottom of the 4th over - 0 runs, 1 hit, 0 errors, 1 left on base; Colorado (EL) 2 - San Antonio 1 |
| TOP OF THE 5TH |
|
Colorado (EL) Rockies batting - Pitching for San Antonio Missions : LHP Jeff Troxel
|
|
Batting: LHB Daniel Green
|
0-0: Called Strike 0-1: Ground out 4-3 (Groundball, 4, EV 104.4 MPH)
|
|
Batting: RHB Dwane Reed
|
0-0: Ball 1-0: Foul Ball, location: 2F 1-1: Called Strike 1-2: Strikes out swinging
|
|
Batting: SHB Jeff Sorrels
|
0-0: Ball 1-0: Called Strike 1-1: Ball 2-1: Ball 3-1: Base on Balls
|
|
Batting: LHB Mick Tucker
|
0-0: Foul Ball, location: 2F 0-1: Ball 1-1: Ball 2-1: Called Strike 2-2: Ball 3-2: Foul Ball, location: 2F 3-2: SINGLE (Line Drive, 9S, EV 98.1 MPH) Jeff Sorrels to second Jeff Sorrels to third
|
|
Batting: RHB John Corfield
|
0-0: Swinging Strike 0-1: Ground out 5-3 (Groundball, 56S, EV 90.0 MPH)
|
| Top of the 5th over - 0 runs, 1 hit, 0 errors, 2 left on base; Colorado (EL) 2 - San Antonio 1 |
| BOTTOM OF THE 5TH |
|
San Antonio Missions batting - Pitching for Colorado (EL) Rockies : LHP Jason Peck
|
|
Batting: SHB Jorge Brito
|
0-0: Called Strike 0-1: Foul Ball, location: 2F 0-2: Strikes out swinging
|
|
Batting: RHB Jaden Scott
|
0-0: Foul Ball, location: 2F 0-1: DOUBLE (Line Drive, 7LD, EV 108.8 MPH)
|
|
Batting: RHB Kory Sanchez
|
0-0: Called Strike 0-1: Ball 1-1: Ball 2-1: Ball 3-1: Base on Balls
|
|
Pitching: RHP Saburo Fujimoto
|
|
|
Batting: RHB Caleb Russell
|
0-0: SINGLE (Line Drive, 78S, EV 108.1 MPH) Jaden Scott to third Kory Sanchez to second
|
|
Batting: RHB Jesse White
|
0-0: Swinging Strike 0-1: Reached on error, E6 (Groundball, 56, EV 100.6 MPH) Jaden Scott scores Kory Sanchez to third Caleb Russell to second
|
|
Batting: LHB Pat Aviles
|
0-0: Called Strike 0-1: Ball 1-1: Foul Ball, location: 2F 1-2: Fly out, F9 (Flyball, 9LM, EV 86.2 MPH)
|
|
Batting: RHB Travis Carter
|
0-0: Fly out, F9 (Flyball, 9LS, EV 88.8 MPH)
|
| Bottom of the 5th over - 1 run, 2 hits, 1 error, 3 left on base; Colorado (EL) 2 - San Antonio 2 |
| TOP OF THE 6TH |
|
Colorado (EL) Rockies batting - Pitching for San Antonio Missions : LHP Jeff Troxel
|
|
Batting: SHB Bobby Santor
|
0-0: Ball 1-0: Called Strike 1-1: Ground out 4-3 (Groundball, 4, EV 89.4 MPH)
|
|
Batting: RHB T.J. Williams
|
0-0: Called Strike 0-1: Foul Ball, location: 2F 0-2: Ball 1-2: Strikes out swinging
|
|
Batting: LHB Paul McClintock
|
0-0: Ball 1-0: Called Strike 1-1: Ball 2-1: Foul Ball, location: 2F 2-2: Foul Ball, location: 2F 2-2: SINGLE (Groundball, 4MD, EV 110.6 MPH)
|
|
Pitching: RHP Adrian de la Cerda
|
|
|
Batting: SHB Craig Ruzic
|
0-0: Called Strike 0-1: Ball 1-1: Ball Paul McClintock steals 2nd base 2-1: Foul Ball, location: 2F 2-2: Ball 3-2: Ground out U3 (Groundball, 3L, EV 101.9 MPH)
|
| Top of the 6th over - 0 runs, 1 hit, 0 errors, 1 left on base; Colorado (EL) 2 - San Antonio 2 |
| BOTTOM OF THE 6TH |
|
San Antonio Missions batting - Pitching for Colorado (EL) Rockies : RHP Saburo Fujimoto
|
|
Batting: RHB Eric Erickson
|
0-0: Ball 1-0: Foul Ball, location: 2F 1-1: Ball 2-1: Foul Ball, location: 2F 2-2: Ball 3-2: Strikes out swinging
|
|
Batting: SHB Isaiah Scates
|
0-0: Ball 1-0: Fly out, F8 (Line Drive, 89D, EV 97.5 MPH)
|
|
Batting: SHB Jorge Brito
|
0-0: Reached on error, E4 (Groundball, 34, EV 110.6 MPH)
|
|
Batting: RHB Jaden Scott
|
0-0: Foul Ball, location: 2F 0-1: Ball 1-1: SINGLE (Groundball, 6D, EV 93.8 MPH) Jorge Brito to second
|
|
Batting: RHB Kory Sanchez
|
0-0: DOUBLE (Line Drive, 89D, EV 102.5 MPH) Jorge Brito scores Jaden Scott to third Runner from 3rd tries for Home, SAFE, no throw by CF
|
|
Batting: RHB Caleb Russell
|
0-0: Swinging Strike 0-1: Swinging Strike 0-2: Strikes out swinging
|
| Bottom of the 6th over - 2 runs, 2 hits, 1 error, 1 left on base; Colorado (EL) 2 - San Antonio 4 |
| TOP OF THE 7TH |
|
Colorado (EL) Rockies batting - Pitching for San Antonio Missions : RHP Adrian de la Cerda
|
|
Batting: LHB Daniel Green
|
0-0: Called Strike 0-1: Ground out 5-3 (Groundball, 56, EV 85.0 MPH)
|
|
Batting: RHB Dwane Reed
|
0-0: Ball 1-0: Ball 2-0: Ground out 6-3 (Groundball, 6, EV 91.9 MPH)
|
|
Batting: SHB Jeff Sorrels
|
0-0: Called Strike 0-1: Called Strike 0-2: Ball 1-2: Ball 2-2: Ground out 5-3 (Groundball, 15, EV 93.8 MPH)
|
| Top of the 7th over - 0 runs, 0 hits, 0 errors, 0 left on base; Colorado (EL) 2 - San Antonio 4 |
| BOTTOM OF THE 7TH |
|
San Antonio Missions batting - Pitching for Colorado (EL) Rockies : RHP Saburo Fujimoto
|
|
Pitching: RHP Michael Conrad
|
|
|
Batting: RHB Jesse White
|
0-0: Called Strike 0-1: Ground out 5-3 (Groundball, 56S, EV 63.8 MPH)
|
|
Batting: LHB Pat Aviles
|
0-0: Called Strike 0-1: Ball 1-1: Fly out, F9 (Line Drive, 9, EV 90.6 MPH)
|
|
Batting: RHB Travis Carter
|
0-0: SINGLE (Groundball, 4MD, EV 96.9 MPH)
|
|
Batting: RHB Eric Erickson
|
0-0: Ball 1-0: Ground out 4-3 (Groundball, 34, EV 103.1 MPH)
|
| Bottom of the 7th over - 0 runs, 1 hit, 0 errors, 1 left on base; Colorado (EL) 2 - San Antonio 4 |
| TOP OF THE 8TH |
|
Colorado (EL) Rockies batting - Pitching for San Antonio Missions : RHP Adrian de la Cerda
|
|
Batting: LHB Mick Tucker
|
0-0: Swinging Strike 0-1: Called Strike 0-2: Strikes out swinging, 2-3 out at first.
|
|
Batting: RHB John Corfield
|
0-0: Ground out 6-3 (Groundball, 6MS, EV 84.4 MPH)
|
|
Batting: SHB Bobby Santor
|
0-0: Ball 1-0: Swinging Strike 1-1: Foul Ball, location: 2F 1-2: Ball 2-2: DOUBLE (Groundball, 5L, EV 105.0 MPH)
|
|
Batting: RHB T.J. Williams
|
0-0: Ball 1-0: Called Strike 1-1: Ball 2-1: Ball 3-1: Base on Balls
|
|
Pitching: LHP Don Quiponch
|
|
|
Batting: LHB Paul McClintock
|
0-0: Ball 1-0: Fly out, F2 (Popup, 23F, EV 83.1 MPH)
|
| Top of the 8th over - 0 runs, 1 hit, 0 errors, 2 left on base; Colorado (EL) 2 - San Antonio 4 |
| BOTTOM OF THE 8TH |
|
San Antonio Missions batting - Pitching for Colorado (EL) Rockies : RHP Michael Conrad
|
|
Batting: SHB Isaiah Scates
|
0-0: Foul Ball, location: 2F 0-1: Called Strike 0-2: Foul Ball, location: 2F 0-2: Ball 1-2: Strikes out swinging
|
|
Batting: SHB Jorge Brito
|
0-0: Foul Ball, location: 2F 0-1: Ball 1-1: Fly out, F7 (Flyball, 7S, EV 95.6 MPH)
|
|
Batting: RHB Jaden Scott
|
0-0: Ball 1-0: Called Strike 1-1: Swinging Strike 1-2: Strikes out swinging
|
| Bottom of the 8th over - 0 runs, 0 hits, 0 errors, 0 left on base; Colorado (EL) 2 - San Antonio 4 |
| TOP OF THE 9TH |
|
Colorado (EL) Rockies batting - Pitching for San Antonio Missions : LHP Don Quiponch
|
|
Pitching: RHP Andy Dunmire
|
|
|
Batting: SHB Craig Ruzic
|
0-0: Foul Ball, location: 2F 0-1: Ball 1-1: Ball 2-1: Foul Ball, location: 2F 2-2: Strikes out looking
|
|
Batting: LHB Daniel Green
|
0-0: Swinging Strike 0-1: Swinging Strike 0-2: Ball 1-2: Foul Ball, location: 2F 1-2: Ball 2-2: Foul Ball, location: 2F 2-2: Foul Ball, location: 2F 2-2: Ball 3-2: Strikes out looking
|
|
Batting: RHB Dwane Reed
|
0-0: Called Strike 0-1: Called Strike 0-2: SOLO HOME RUN (Flyball, 78XD, EV 109.4 MPH), Distance : 409 ft
|
|
Batting: SHB Jeff Sorrels
|
0-0: Called Strike 0-1: Foul Ball, location: 2F 0-2: Ball 1-2: Ground out 5-3 (Groundball, 56, EV 88.1 MPH)
|
| Top of the 9th over - 1 run, 1 hit, 0 errors, 0 left on base; Colorado (EL) 3 - San Antonio 4 |
|